PCL
CALGARY COWBOYS @ TEXARKANA BEARS
04/26/2027
 
TOP OF THE 1ST
Calgary Cowboys batting - Pitching for Texarkana Bears : LHP Carlos Tavárez
Pitching: LHP Carlos Tavárez
Batting: RHB Luis Peña 0-0: Reached via error on a dropped throw, E3
Batting: RHB Jorge Balencia 0-0: Ball
1-0: Swinging Strike
1-1: Foul Ball, location: 2F
1-2: Foul Ball, location: 2F
1-2: Ball
2-2: Foul Ball, location: 2F
2-2: Fly out, F2 (Popup, 5S)
Batting: LHB Del Kennedy 0-0: Ball
1-0: Swinging Strike
1-1: Foul Ball, location: 2F
1-2: Strikes out looking
Batting: LHB José Liñares 0-0: Ball
1-0: Ball
Luis Peña steals 2nd base
2-0: Fly out, F8 (Flyball, 8RM)
Top of the 1st over - 0 run(s), 0 hit(s), 1 error(s), 1 left on base; Calgary 0 - Texarkana 0
BOTTOM OF THE 1ST
Texarkana Bears batting - Pitching for Calgary Cowboys : LHP Jim Sheppard
Pitching: LHP Jim Sheppard
Batting: RHB Alberto Velásquez 0-0: Bunted foul
0-1: Ground out 6-3 (Groundball, 6)
Batting: RHB António Zúñiga 0-0: Called Strike
0-1: Ground out 3-1 (Groundball, 34)
Batting: RHB Billy Campbell 0-0: Fly out, F8 (Flyball, 8RXD)
Bottom of the 1st over - 0 run(s), 0 hit(s), 0 error(s), 0 left on base; Calgary 0 - Texarkana 0
TOP OF THE 2ND
Calgary Cowboys batting - Pitching for Texarkana Bears : LHP Carlos Tavárez
Batting: RHB Ramón Martínez 0-0: Fly out, F8 (Flyball, 89S)
Batting: RHB Derek Carr 0-0: Called Strike
0-1: Ball
1-1: Ball
2-1: Fly out, F7 (Flyball, 7)
Batting: RHB Shayne Burry 0-0: Called Strike
0-1: Ball
1-1: Ball
2-1: SINGLE (Line Drive, 3L)
Batting: RHB Jesús Hernández 0-0: Swinging Strike
0-1: Ball
1-1: Ball
2-1: Ball
3-1: Base on Balls
Shayne Burry to second
Batting: RHB Mario Sánchez 0-0: Ball
1-0: Fielders Choice at 2nd, 6-4 (Groundball, 6)
Top of the 2nd over - 0 run(s), 1 hit(s), 0 error(s), 1 left on base; Calgary 0 - Texarkana 0
BOTTOM OF THE 2ND
Texarkana Bears batting - Pitching for Calgary Cowboys : LHP Jim Sheppard
Batting: RHB Gustavo Díaz 0-0: Foul Ball, location: 2F
0-1: Ball
1-1: Called Strike
1-2: Strikes out swinging
Batting: RHB Taki Chikafuji 0-0: Called Strike
0-1: Ball
1-1: Ground out 4-3 (Groundball, 4S)
Batting: RHB Michael Barraclough 0-0: Ball
1-0: SOLO HOME RUN (Line Drive, 89XD), Distance : 408 ft
Batting: RHB Lu-fang Huie 0-0: Called Strike
0-1: Ball
1-1: Called Strike
1-2: Ball
2-2: Foul Ball, location: 2F
2-2: Ball
3-2: Base on Balls
Batting: RHB Sadao Kimura 0-0: Ball
1-0: Ball
2-0: Fielders Choice at 2nd, 5-4 (Groundball, 5)
Bottom of the 2nd over - 1 run(s), 1 hit(s), 0 error(s), 0 left on base; Calgary 0 - Texarkana 1
TOP OF THE 3RD
Calgary Cowboys batting - Pitching for Texarkana Bears : LHP Carlos Tavárez
Batting: RHB Luis Peña 0-0: Foul Ball, location: 2F
0-1: Swinging Strike
0-2: Foul Ball, location: 2F
0-2: Ball
1-2: Ball
2-2: Ball
3-2: Ground out 6-3 (Groundball, 6)
Batting: RHB Jorge Balencia 0-0: Ball
1-0: Called Strike
1-1: Ball
2-1: Foul Ball, location: 2F
2-2: Foul Ball, location: 2F
2-2: Ball
3-2: SINGLE (Groundball, 6D)
Batting: LHB Del Kennedy 0-0: Called Strike
0-1: Fielders Choice at 2nd, 6-4 (Groundball, 6)
Batting: LHB José Liñares 0-0: Called Strike
0-1: Ball
1-1: Swinging Strike
1-2: Foul Ball, location: 2F
1-2: DOUBLE (Flyball, 7LM)
Del Kennedy to third
Runner from 3rd tries for Home, SAFE, no throw
Batting: RHB Ramón Martínez 0-0: Ball
1-0: Called Strike
1-1: Ball
2-1: Ground out 6-3 (Groundball, 6)
Top of the 3rd over - 1 run(s), 2 hit(s), 0 error(s), 1 left on base; Calgary 1 - Texarkana 1
BOTTOM OF THE 3RD
Texarkana Bears batting - Pitching for Calgary Cowboys : LHP Jim Sheppard
Batting: RHB Steve Garneys 0-0: Ground out 5-3 (Groundball, 5)
Batting: RHB Alberto Velásquez 0-0: Ball
1-0: Called Strike
1-1: SINGLE (Groundball, 34D)
Batting: RHB António Zúñiga 0-0: Ball
1-0: Called Strike
1-1: Ball
2-1: Ball
3-1: Grounds into double play, 1-4-3 (Groundball, 15)
Bottom of the 3rd over - 0 run(s), 1 hit(s), 0 error(s), 0 left on base; Calgary 1 - Texarkana 1
TOP OF THE 4TH
Calgary Cowboys batting - Pitching for Texarkana Bears : LHP Carlos Tavárez
Batting: RHB Derek Carr 0-0: Foul Ball, location: 2F
0-1: Called Strike
0-2: Strikes out looking
Batting: RHB Shayne Burry 0-0: Swinging Strike
0-1: Ball
1-1: Foul Ball, location: 2F
1-2: Ball
2-2: Strikes out swinging
Batting: RHB Jesús Hernández 0-0: Called Strike
0-1: Foul Ball, location: 2F
0-2: Ball
1-2: SINGLE (Groundball, 4MD)
Batting: RHB Mario Sánchez 0-0: Ball
1-0: Called Strike
1-1: Ball
2-1: Fly out, F8 (Flyball, 8LS)
Top of the 4th over - 0 run(s), 1 hit(s), 0 error(s), 1 left on base; Calgary 1 - Texarkana 1
BOTTOM OF THE 4TH
Texarkana Bears batting - Pitching for Calgary Cowboys : LHP Jim Sheppard
Batting: RHB Billy Campbell 0-0: Ball
1-0: Ball
2-0: Ball
3-0: Called Strike
3-1: Foul Ball, location: 2F
3-2: Strikes out looking
Batting: RHB Gustavo Díaz 0-0: Ground out 4-3 (Groundball, 4)
Batting: RHB Taki Chikafuji 0-0: Called Strike
0-1: Ball
1-1: Called Strike
1-2: Foul Ball, location: 2F
1-2: Foul Ball, location: 2F
1-2: Ball
2-2: Foul Ball, location: 2F
2-2: DOUBLE (Line Drive, 7LM)
Batting: RHB Michael Barraclough 0-0: Ball
1-0: Ball
2-0: Ball
3-0: Base on Balls
Batting: RHB Lu-fang Huie 0-0: Ball
1-0: Swinging Strike
1-1: Ball
2-1: Called Strike
2-2: Ball
3-2: Ground out 5-3 (Groundball, 5S)
Bottom of the 4th over - 0 run(s), 1 hit(s), 0 error(s), 2 left on base; Calgary 1 - Texarkana 1
TOP OF THE 5TH
Calgary Cowboys batting - Pitching for Texarkana Bears : LHP Carlos Tavárez
Batting: RHB Luis Peña 0-0: Called Strike
0-1: Ground out 5-3 (Groundball, 56S)
Batting: RHB Jorge Balencia 0-0: Ball
1-0: Ball
2-0: Ground out 6-3 (Groundball, 6)
Batting: LHB Del Kennedy 0-0: Called Strike
0-1: Ball
1-1: DOUBLE (Groundball, 3L)
Batting: LHB José Liñares 0-0: Foul Ball, location: 2F
0-1: Foul Ball, location: 2F
0-2: Ball
1-2: Strikes out swinging
Top of the 5th over - 0 run(s), 1 hit(s), 0 error(s), 1 left on base; Calgary 1 - Texarkana 1
BOTTOM OF THE 5TH
Texarkana Bears batting - Pitching for Calgary Cowboys : LHP Jim Sheppard
Batting: RHB Sadao Kimura 0-0: Called Strike
0-1: Fly out, F7 (Line Drive, 78M)
Batting: RHB Steve Garneys 0-0: Called Strike
0-1: Ball
1-1: Ball
2-1: Ball
3-1: Foul Ball, location: 2F
3-2: Strikes out swinging
Batting: RHB Alberto Velásquez 0-0: Swinging Strike
0-1: Called Strike
0-2: SOLO HOME RUN (Flyball, 78XD), Distance : 412 ft
Batting: RHB António Zúñiga 0-0: SINGLE (Line Drive, 89S)
Batting: RHB Billy Campbell 0-0: SINGLE (Line Drive, 56D)
António Zúñiga to second
Batting: RHB Gustavo Díaz 0-0: Fly out, F8 (Flyball, 8LM)
Bottom of the 5th over - 1 run(s), 3 hit(s), 0 error(s), 2 left on base; Calgary 1 - Texarkana 2
TOP OF THE 6TH
Calgary Cowboys batting - Pitching for Texarkana Bears : LHP Carlos Tavárez
Batting: RHB Ramón Martínez 0-0: Ground out 6-3 (Groundball, 6)
Batting: RHB Derek Carr 0-0: Ball
1-0: Called Strike
1-1: Swinging Strike
1-2: Strikes out swinging
Batting: RHB Shayne Burry 0-0: Ground out 1-3 (Groundball, P)
Top of the 6th over - 0 run(s), 0 hit(s), 0 error(s), 0 left on base; Calgary 1 - Texarkana 2
BOTTOM OF THE 6TH
Texarkana Bears batting - Pitching for Calgary Cowboys : LHP Jim Sheppard
Batting: RHB Taki Chikafuji 0-0: Called Strike
0-1: Foul Ball, location: 2F
0-2: Ball
1-2: Strikes out swinging
Batting: RHB Michael Barraclough 0-0: Ball
1-0: DOUBLE (Line Drive, 7LM)
Batting: RHB Lu-fang Huie 0-0: Intentional Walk
Pitching: LHP Takayuki Ine
Batting: RHB Sadao Kimura 0-0: Foul Ball, location: 2F
0-1: 3-RUN HOME RUN (Flyball, 8LXD) (Inside the Park)
Batting: RHB Steve Garneys 0-0: Called Strike
0-1: Foul Ball, location: 2F
0-2: Strikes out swinging
Batting: RHB Alberto Velásquez 0-0: Called Strike
0-1: Fly out, F9 (Flyball, 89S)
Bottom of the 6th over - 3 run(s), 2 hit(s), 0 error(s), 0 left on base; Calgary 1 - Texarkana 5
TOP OF THE 7TH
Calgary Cowboys batting - Pitching for Texarkana Bears : LHP Carlos Tavárez
Batting: RHB Jesús Hernández 0-0: Fly out, F2 (Popup, 2R)
Batting: RHB Mario Sánchez 0-0: Foul Ball, location: 2F
0-1: Foul Ball, location: 2F
0-2: Strikes out swinging
Batting: RHB Luis Peña 0-0: Called Strike
0-1: Ground out 6-3 (Groundball, 6)
Top of the 7th over - 0 run(s), 0 hit(s), 0 error(s), 0 left on base; Calgary 1 - Texarkana 5
BOTTOM OF THE 7TH
Texarkana Bears batting - Pitching for Calgary Cowboys : LHP Takayuki Ine
Batting: RHB António Zúñiga 0-0: Ball
1-0: Ball
2-0: Fly out, F9 (Flyball, 89S)
Batting: RHB Billy Campbell 0-0: Fly out, F8 (Flyball, 8RD)
Batting: RHB Gustavo Díaz 0-0: Called Strike
0-1: Fly out, F8 (Line Drive, 78M)
Bottom of the 7th over - 0 run(s), 0 hit(s), 0 error(s), 0 left on base; Calgary 1 - Texarkana 5
TOP OF THE 8TH
Calgary Cowboys batting - Pitching for Texarkana Bears : LHP Carlos Tavárez
Batting: RHB Jorge Balencia 0-0: Ball
1-0: Ground out 5-3 (Groundball, 56)
Batting: LHB Del Kennedy 0-0: Ball
1-0: Ball
2-0: Ball
3-0: Base on Balls
Pitching: RHP Ángelo Gusmán
Batting: LHB José Liñares 0-0: Ball
1-0: Ball
2-0: Foul Ball, location: 2F
2-1: Foul Ball, location: 2F
2-2: Ball
3-2: Base on Balls
Del Kennedy to second
Pitching: RHP Jesús Sosa
Batting: RHB Ramón Martínez 0-0: Ball
1-0: Ball
2-0: Ball
3-0: Called Strike
3-1: Foul Ball, location: 2F
3-2: Fly out, F7 (Flyball, 7LM)
Batting: RHB Derek Carr 0-0: Ball
1-0: Called Strike
1-1: Ball
2-1: Swinging Strike
2-2: Foul Ball, location: 2F
2-2: Ball
3-2: Strikes out swinging
Top of the 8th over - 0 run(s), 0 hit(s), 0 error(s), 2 left on base; Calgary 1 - Texarkana 5
BOTTOM OF THE 8TH
Texarkana Bears batting - Pitching for Calgary Cowboys : LHP Takayuki Ine
Batting: RHB Taki Chikafuji 0-0: Called Strike
0-1: Swinging Strike
0-2: Ball
1-2: Strikes out swinging
Batting: RHB Michael Barraclough 0-0: Ball
1-0: Ball
2-0: Ball
3-0: Called Strike
3-1: Called Strike
3-2: Base on Balls
Batting: RHB Lu-fang Huie 0-0: Ball
1-0: Ball
2-0: Ball
3-0: Base on Balls
Michael Barraclough to second
Batting: RHB Sadao Kimura 0-0: Grounds into double play, 6-4-3 (Groundball, 6)
Bottom of the 8th over - 0 run(s), 0 hit(s), 0 error(s), 1 left on base; Calgary 1 - Texarkana 5
TOP OF THE 9TH
Calgary Cowboys batting - Pitching for Texarkana Bears : RHP Jesús Sosa
Batting: RHB Shayne Burry 0-0: Called Strike
0-1: Called Strike
0-2: Strikes out swinging
Batting: RHB Jesús Hernández 0-0: Called Strike
0-1: Ball
1-1: Ball
2-1: Ball
3-1: Foul Ball, location: 2F
3-2: Base on Balls
Batting: RHB Mario Sánchez 0-0: Ball
1-0: Called Strike
1-1: Foul Ball, location: 2F
1-2: Ball
2-2: Foul Ball, location: 2F
2-2: Ball
3-2: Strikes out looking
Batting: RHB Luis Peña 0-0: 2-RUN HOME RUN (Flyball, 78XD), Distance : 428 ft
Pitching: RHP Asher Zasko
Batting: RHB Jorge Balencia 0-0: Called Strike
0-1: Swinging Strike
0-2: Foul Ball, location: 2F
0-2: SINGLE (Flyball, 8LS)
Pinch Hitting: LHB Greg Nelson 0-0: Ball
1-0: Swinging Strike
1-1: Called Strike
1-2: Ball
2-2: Ball
3-2: Strikes out swinging
Top of the 9th over - 2 run(s), 2 hit(s), 0 error(s), 1 left on base; Calgary 3 - Texarkana 5
Thursday, March 30th, 2017 - OOTP Baseball 17.12 Build 75